General information
- name: BNet
- type: Ladder 1vs1/FFA
- host: Battle.net
- saver: TIMG4STRok
map: EchoIsles
- players: 2
- length: 15:26
- speed: Fast
- version: 1.21 W3XP
- replay type:

» download(55 KB)
Players
team 1 (winner)

»
TIMG4STRok (
yellow | 101 APM | 1563 actions | 15:26)
4 Blademaster
2 Wind Walk
2 Critical Strike
4 Shadow Hunter
2 Hex
2 Healing Wave
» actions
| Assign group hotkey | 18 | |
| Basic commands | 44 | |
| Build / train | 50 | |
| ESC pressed | 1 | |
| Enter build submenu | 14 | |
| Enter hero's abilities submenu | 8 | |
| Give item / drop item | 10 | |
| Right click | 639 | |
| Select / deselect | 188 | |
| Select group hotkey | 520 | |
| Use ability | 71 | |
1563 total
» units
| Peon | 8 | |
| Grunt | 7 | |
| Raider | 3 | |
| Spirit Walker | 2 | |
20 total
» upgrades
| Berserker Strength | 1 | |
| Spirit Walker Training | 2 | |
| Pillage | 1 | |
| Ensnare | 1 | |
5 total
» buildings
| Altar of Storms | 1 | |
| Orc Burrow | 6 | |
| Barracks | 1 | |
| Stronghold | 1 | |
| Voodoo Lounge | 1 | |
| Spirit Lodge | 1 | |
| Beastiary | 1 | |
| Fortress | 1 | |
| War Mill | 1 | |
| Great Hall | 1 | |
| Tauren Totem | 1 | |
16 total
» build order
00:05 Altar of Storms
00:19 Orc Burrow
00:29 Barracks
01:27 Orc Burrow
02:40 Stronghold
03:15 Voodoo Lounge
03:24 Orc Burrow
05:07 Spirit Lodge
05:31 Orc Burrow
06:01 Beastiary
09:48 Fortress
11:42 Orc Burrow
12:13 War Mill
13:07 Great Hall
13:43 Tauren Totem
14:22 Orc Burrow
» items
| Healing Salve | 3 | |
| Lesser Clarity Potion | 3 | |
| Claws of Attack +6 | 1 | |
| Gloves of Haste | 1 | |
| Boots of Speed | 1 | |
| Scroll of Speed | 1 | |
| Orb of Lightning | 1 | |
11 total
team 2 (loser)

»
ieatpaste (
purple | 81 APM | 1251 actions | 15:24)
3 Archmage
2 Summon Water Elemental
1 Brilliance Aura
2 Mountain King
1 Storm Bolt
1 Bash
» actions
| Assign group hotkey | 11 | |
| Basic commands | 208 | |
| Build / train | 55 | |
| Enter build submenu | 22 | |
| Enter hero's abilities submenu | 5 | |
| Give item / drop item | 3 | |
| Right click | 505 | |
| Select / deselect | 294 | |
| Select group hotkey | 65 | |
| Use ability | 83 | |
1251 total
» units
| Peasant | 12 | |
| Footman | 7 | |
| Sorceress | 2 | |
| Forest Troll Shadow Priest | 1 | |
| Priest | 1 | |
23 total
» upgrades
| Masonry | 1 | |
| Lumber Harvesting | 1 | |
| Defend | 1 | |
| Long Rifles | 1 | |
4 total
» buildings
| Farm | 6 | |
| Altar of Kings | 1 | |
| Barracks | 2 | |
| Scout Tower | 4 | |
| Arcane Tower | 1 | |
| Keep | 1 | |
| Lumber Mill | 1 | |
| Guard Tower | 3 | |
| Arcane Vault | 1 | |
| Arcane Sanctum | 2 | |
| Town Hall | 1 | |
| Castle | 1 | |
24 total
» build order
00:07 Farm
00:11 Altar of Kings
00:16 Farm
00:31 Barracks
01:29 Scout Tower
01:58 Farm
02:09 Arcane Tower
04:17 Keep
04:21 Lumber Mill
04:27 Barracks
04:50 Farm
04:53 Scout Tower
04:54 Farm
05:31 Guard Tower
05:34 Scout Tower
05:50 Farm
06:05 Guard Tower
06:07 Scout Tower
06:51 Guard Tower
07:51 Arcane Vault
09:47 Arcane Sanctum
10:23 Town Hall
13:18 Castle
13:45 Arcane Sanctum
» items
| Dust of Appearance | 2 | |
| Scroll of Regeneration | 4 | |
| Lesser Clarity Potion | 3 | |
| Scroll of Town Portal | 3 | |
| Potion of Lesser Invulnerability | 1 | |
| Scroll of Protection | 1 | |
| Scroll of Healing | 1 | |
15 total
Chat log
(03:10 / All) ieatpaste: SHEEP KILLER
(15:22 / All) ieatpaste: FUCK U DOOOOOOOOOOOOOOOOOOOOOOOOOOOOD